 Dungeon Crawl Stone Soup version 0.30-a0-364-gf6b3ef1049 (webtiles) character file.

Game seed: 4013398213634626710

1295 experimilk the Transmogrifier (level 8, 0/59 HPs)
             Began as a Red Draconian Transmuter on Nov 14, 2022.
             Was an Initiate of Gozag.
             Slain by a troll (5 damage)
             ... on level 7 of the Dungeon on Nov 15, 2022.
             The game lasted 00:15:47 (6520 turns).

experimilk the Transmogrifier (DrTm)                Turns: 6520, Time: 00:15:48

Health: 0/59       AC:  7    Str: 13    XL:     8   Next: 30%
Magic:  11/11      EV: 12    Int: 15    God:    Gozag
Gold:   295        SH:  0    Dex: 18    Spells: 1/11 levels left

rFire   + . .      SeeInvis .      - Unarmed
rCold   . . .      Faith    .    (no shield)
rNeg    . . .      Spirit   .    (body armour unavailable)
rPois   .          Reflect  .    (helmet currently unavailable)
rElec   .          Harm     .    k - +0 cloak
rCorr   .          Rampage  .    (no gloves)
Will    .....                    (boots currently unavailable)
Stlth   ++........               (no amulet)
HPRegen 0.29/turn                x - +6 ring of dexterity
MPRegen 0.12/turn                (no ring)

@: appendages (expiring)
A: horns 2, talons 2, breathe fire, AC +6, unfitting armour, fire resistance 1,
cold-blooded
a: Breathe Fire, End Transformation, Renounce Religion, Potion Petition, Call
Merchant, Bribe Branch


You were on level 7 of the Dungeon.
You worshipped Gozag.
Gozag was aware of your devotion.
You had temporarily grown beastly horns and talons.
You visited 1 branch of the dungeon, and saw 7 of its levels.

You collected 347 gold pieces.
You paid 52 gold pieces to Gozag.

Inventory:

Armour
 k - a +0 cloak (worn)
Jewellery
 x - a +6 ring of dexterity (left hand)
Wands
 v - a wand of charming (4)
 w - a wand of mindburst (11)
 y - a wand of roots (12)
Scrolls
 b - 2 scrolls of poison
 f - a scroll of enchant weapon {unknown}
 g - 2 scrolls of teleportation
 h - 2 scrolls of vulnerability {unknown}
 i - a scroll of amnesia {unknown}
 l - a scroll of enchant armour {unknown}
 m - 2 scrolls of noise {unknown}
 n - 3 scrolls of fog {unknown}
 o - 2 scrolls of blinking {unknown}
 s - a scroll of magic mapping {unknown}
 t - 2 scrolls of fear {unknown}
 u - 2 scrolls of immolation {unknown}
 z - a scroll of identify
Potions
 a - a potion of lignification
 c - 3 potions of haste
 d - a potion of might
 e - 2 potions of flight
 j - 2 potions of magic
 p - a potion of curing
 q - a potion of brilliance
 r - a potion of heal wounds {unknown}


   Skills:
 - Level 1.1 Fighting
 - Level 1.7 Dodging
 + Level 7.1 Unarmed Combat
 - Level 2.0 Spellcasting
 * Level 8.0 Transmutations


You had one spell level left.
You knew the following spells:

 Your Spells              Type           Power      Damage    Failure   Level
a - Spider Form           Tmut/Pois      13%        N/A       13%         3
b - Beastly Appendage     Tmut           50%        N/A       1%          1
c - Ice Form              Ice/Tmut       13%        N/A       38%         4
z - Wereblood             Tmut           25%        N/A       1%          2

Your spell library contained the following spells:

 Spells                   Type           Power      Damage    Failure   Level
 Leda's Liquefaction      Hex/Erth       0%         N/A       91%         4
 Lee's Rapid Deconstruct  Erth           0%         3d4*      99%         5
 Statue Form              Tmut/Erth      8%         N/A       100%        6


Dungeon Overview and Level Annotations

Branches:
Dungeon (7/15)
 Temple: D:4-7

Altars:
Gozag
Hepliaklqana
Makhleb
Trog
Yredelemnul

Shops:
D:4 (   D:5 *(

Annotations:
D:3 3 runed translucent doors, Encipher's ghost, weakling NaWr


Innate Abilities, Weirdness & Mutations

You have temporarily grown beastly horns and talons.
You can breathe blasts of fire.
Your fiery red scales are hard. (AC +6)
You cannot fit into any form of body armour.
Your flesh is heat resistant. (rF+)
You are cold-blooded and may be slowed by cold attacks.


Message History

You headbutt the troll, but do no damage.
The troll is moderately wounded.
You closely miss the troll. You claw the troll. You tail-slap the troll.
The troll is heavily wounded.
The troll bites you! The troll claws you but does no damage.
The troll closely misses you.
You hit the troll. You tail-slap the troll.
The troll is heavily wounded.
The troll bites you! The troll claws you but does no damage.
The troll misses you.
You hit the troll. Your kick misses the troll. Your headbutt misses the troll.
The troll is severely wounded.
The troll bites you! The troll closely misses you. The troll barely misses you.
You hit the troll but do no damage.
The troll is severely wounded.
Your transformation is almost over.
The troll bites you!
* * * LOW HITPOINT WARNING * * *
The troll misses you. The troll closely misses you.
You barely miss the troll. Your kick misses the troll.
Your tail-slap misses the troll.
The troll is severely wounded.
The troll closely misses you. The troll barely misses you.
The troll claws you but does no damage.
You closely miss the troll. You claw the troll. Your headbutt misses the troll.
You tail-slap the troll, but do no damage.
The troll is severely wounded.
The troll bites you.
* * * LOW HITPOINT WARNING * * *
The troll claws you.
* * * LOW HITPOINT WARNING * * *
The troll claws you.
* * * LOW HITPOINT WARNING * * *
You hit the troll but do no damage. You claw the troll.
Your punch misses the troll.
The troll is severely wounded.
The troll barely misses you. The troll completely misses you.
The troll claws you.
You die...
Your body crumbles into a pile of gold.

. .. #
#.###########..
#.....T........
#(....@........
#..............
#..............
#......<.......
#######+#####..
$


You could see a troll.

Vanquished Creatures
  Sigmund (D:2)
  3 black bears
  A sky beast (D:6)
  A centaur (D:5)
  2 phantoms (D:5)
  3 scorpions
  A necrophage (D:5)
  Crazy Yiuf (D:2)
  3 hounds (D:6)
  An orc wizard (D:4)
  An iguana (D:6)
  5 adders
  2 ufetubi (D:5)
  A worm (D:3)
  4 dart slugs
  5 orcs
  8 endoplasms
  7 giant cockroaches
  8 goblins
  6 hobgoblins
  9 jackals
  8 quokkas
  6 ball pythons
  7 bats
  3 frilled lizards
  4 kobolds
  2 rats (D:2)
103 creatures vanquished.

Vanquished Creatures (others)
  4 fungi (D:3)
4 creatures vanquished.

Grand Total: 107 creatures vanquished

Notes
Turn   | Place    | Note
-------+----------+-------------------------------------------
     0 | D:1      | experimilk the Draconian Transmuter began the quest for the
                  | Orb.
     0 | D:1      | Reached XP level 1. HP: 16/16 MP: 3/3
   186 | D:1      | Reached XP level 2. HP: 23/23 MP: 3/5
   189 | D:1      | Learned a level 2 spell: Wereblood
  1181 | D:2      | Noticed Sigmund
  1194 | D:2      | Killed Sigmund
  1194 | D:2      | HP: 1/34 [poisoned by Sigmund]
  1195 | D:2      | Reached skill level 4 in Transmutations
  1195 | D:2      | Reached XP level 3. HP: 1/28 MP: 6/6
  1195 | D:2      | Reached XP level 4. HP: 2/35 MP: 7/7
  1195 | D:2      | Reached XP level 5. HP: 2/40 MP: 8/8
  1678 | D:2      | Learned a level 4 spell: Ice Form
  2516 | D:2      | Found a runed translucent door.
  2517 | D:2      | Noticed Crazy Yiuf
  2529 | D:2      | Killed Crazy Yiuf
  2530 | D:2      | Reached skill level 5 in Unarmed Combat
  2818 | D:3      | Found a bloodstained altar of Trog.
  3081 | D:3      | Noticed a black bear
  3093 | D:3      | Killed a black bear
  3094 | D:3      | Reached XP level 6. HP: 22/47 MP: 9/9
  3294 | D:3      | Found a faded altar of an unknown god.
  3458 | D:3      | Found a runed translucent gate.
  3459 | D:3      | Found a runed translucent gate.
  3460 | D:3      | Found a runed translucent gate.
  3460 | D:3      | Noticed Encipher's ghost (weakling NaWr)
  3753 | D:4      | Found Haqoq's Weapon Emporium.
  3777 | D:4      | Reached skill level 5 in Transmutations
  4528 | D:5      | Entered Level 5 of the Dungeon
  4699 | D:5      | Identified the +5 flail of the Foremost Artisans {venom,
                  | rF+ Str+2 Int+2}
  4733 | D:5      | Found a burning altar of Makhleb.
  4788 | D:5      | Your scales start taking on a fiery red colour.
  4788 | D:5      | Reached XP level 7. HP: 39/52 MP: 8/10
  4788 | D:5      | Gained mutation: Your flesh is heat resistant. (rF+) [Red
                  | Draconian growth]
  4951 | D:5      | Reached skill level 6 in Transmutations
  5021 | D:5      | Found Vevet's Firing Range.
  5073 | D:5      | Found a basalt altar of Yredelemnul.
  5241 | D:5      | Found an opulent altar of Gozag.
  5242 | D:5      | Found Gozag's Platinum Reserve.
  5257 | D:5      | Became a worshipper of Gozag Ym Sagoz the Greedy
  5527 | D:6      | Reached skill level 7 in Transmutations
  5604 | D:6      | Reached XP level 8. HP: 58/59 MP: 9/11
  5821 | D:6      | Learned a level 3 spell: Spider Form
  6349 | D:6      | Found a hazy altar of Hepliaklqana.
  6403 | D:6      | Reached skill level 8 in Transmutations
  6508 | D:7      | Noticed a troll
  6520 | D:7      | Slain by a troll

Illustrated notes

Levels and vault maps discovered:
D:1:      minmay_arrival_shattered_statue, layout_basic
D:2:      wad_pebble_path, layout_basic, kennysheep_generic_room_5,
          uniq_sigmund, uniq_crazy_yiuf_cottage
D:3:      layout_loops_ring, old_standard_altar, portal_sewer_entry_f,
          gammafunk_ghost_nasty_kobolds, hellmonk_ecumenical_altar_crossroads
D:4:      layout_cave_pools, serial_shops, nicolae_shop_bloodbath_and_beyond,
          minivault_5
D:5:      layout_loops_cross, marbit_many_paths,
          mainiacjoe_overflow_surrounded_room, nicolae_gozag_zags_fifth_avenue,
          nicolae_shop_firing_range
D:6:      layout_gridville, nicolae_hepliaklqana_hippocampus, feat_on_display
D:7:      layout_gridville, minmay_temple_entry_butterflies, st_stairs_11

Skill      XL: |  1  2  3  4  5  6  7  8 |
---------------+-------------------------+-----
Unarmed Combat | 4 5 6 7 |  7.1
Transmutations | 4 5 7 8 |  8.0
Fighting       | |  1.1
Dodging        | |  1.7
Spellcasting   | |  2.0

Action                   |  1- 3 |  4- 6 |  7- 9 || total
-------------------------+-------+-------+-------++-------
Melee: Unarmed           |    61 |   183 |    99 ||   343
       Kick              |    14 |    39 |    22 ||    75
       Headbutt          |     5 |    19 |    16 ||    40
       Tailslap          |     5 |    21 |    14 ||    40
       Punch             |       |     5 |     4 ||     9
 Cast: Beastly Appendage |    13 |    32 |    14 ||    59
       Wereblood         |       |     7 |     2 ||     9
 Abil: Breathe Fire      |       |       |     6 ||     6
  Use: Scroll            |     3 |     2 |     3 ||     8
       Potion            |     2 |     1 |       ||     3
 Stab: Sleeping          |       |       |     3 ||     3
Armor: Skin              |    22 |    87 |    44 ||   153
Dodge: Dodged            |    43 |   147 |    62 ||   252

Table legend: (Time is in decaauts)
 A = Elapsed time spent in this place.
 B = Non-inter-level travel time spent in this place.
 C = Inter-level travel time spent in this place.
 D = Time resting spent in this place.
 E = Time spent auto-exploring this place.
 F = Levels seen in this place.
 G = Mean time per level.
                   A        B        C        D        E       F      G
               +--------+--------+--------+--------+--------+-----+--------+
         Total |   6495 |   6370 |    125 |   1781 |   3370 |   7 |  927.9 |
       Dungeon |   6495 |   6370 |    125 |   1781 |   3370 |   7 |  927.9 |
               +--------+--------+--------+--------+--------+-----+--------+

Top non-repeatable levels by time:
     D:2: 1630 daAuts
     D:1: 1156 daAuts
     D:6: 1037 daAuts
     D:3: 952 daAuts
     D:4: 934 daAuts
     D:5: 771 daAuts
     D:7: 10 daAuts
